 Dungeon Crawl Stone Soup version 0.29.1 (webtiles) character file.

Game seed: 16201246353864148864

177249 qw the Slayer (level 17, -6/173 HPs)
             Began as a Minotaur Berserker on Sept 13, 2022.
             Was an Elder of Trog.
             Hit by a javelin thrown by a merfolk javelineer (15 damage)
             ... on level 4 of the Shoals.
             The game lasted 00:13:51 (37884 turns).

qw the Slayer (Minotaur Berserker)                 Turns: 37884, Time: 00:13:52

Health: -6/173     AC: 33    Str: 27    XL:     17   Next: 53%
Magic:  0/16       EV: 13    Int:  4    God:    Trog [****..]
Gold:   492        SH: 15    Dex: 13    Spells: 16/16 levels left

rFire   + + .      SeeInvis .   p - +6 war axe (vamp)
rCold   + . .      Faith    .   y - +1 kite shield {AC+3}
rNeg    . . .      Spirit   +   w - +3 chain mail {rF+}
rPois   +          Reflect  .   (helmet unavailable)
rElec   +          Harm     .   e - +1 cloak
rCorr   +          Rampage  .   o - +2 pair of gloves
Will    +....                   n - +1 pair of boots
Stlth   ..........              r - amulet of guardian spirit
HPRegen 0.38/turn               b - ring of poison resistance
MPRegen 0.15/turn               s - +4 ring of protection

@: about to teleport, resistant, on berserk cooldown, slowed, very slow
A: horns 3, retaliatory headbutt, screaming 1
a: Renounce Religion, Berserk, Trog's Hand, Brothers in Arms


You were on level 4 of the Shoals.
You worshipped Trog.
Trog was greatly pleased with you.
You visited 5 branches of the dungeon, and saw 29 of its levels.

You collected 2848 gold pieces.
You spent 2356 gold pieces at shops.


Innate Abilities, Weirdness & Mutations

You have a pair of large horns on your head.
You reflexively headbutt those who attack you in melee.
You occasionally shout uncontrollably at your foes.


   Skills:
 - Level 21.0 Fighting
 - Level 16.1 Axes
 + Level 7.4 Throwing
 - Level 17.0 Armour
 - Level 11.1 Dodging
 - Level 18.1 Shields


You had 16 spell levels left.
You didn't know any spells.
Your spell library was empty.

Inventory:

Hand Weapons
 p - a +6 vampiric war axe (weapon)
 u - a +5 demon whip of draining
Missiles
 f - 18 boomerangs
 q - 2 silver javelins (quivered)
Armour
 e - a +1 cloak (worn)
 n - a +1 pair of boots (worn)
 o - a +2 pair of gloves (worn)
 v - a +0 plate armour
 w - a +3 chain mail of fire resistance (worn)
 y - a +1 kite shield of protection (worn)
Jewellery
 a - a ring of fire
 b - a ring of poison resistance (left hand)
 d - an amulet of regeneration
 g - a +6 ring of strength
 r - an amulet of guardian spirit (around neck)
 s - a +4 ring of protection (right hand)
Scrolls
 h - 5 scrolls of teleportation
 l - 14 scrolls of identify
 x - a scroll of brand weapon
Potions
 c - 21 potions of curing
 i - 4 potions of cancellation
 j - 11 potions of mutation
 k - 3 potions of might
 t - 3 potions of haste

Dungeon Overview and Level Annotations

Branches:
Dungeon (15/15)            Temple (0/1) D:7            Lair (5/5) D:8
 Shoals (4/4) Lair:2        Snake (3/4) Lair:3        Slime (0/5) Lair:4
    Orc (2/2) D:11            Elf (0/3) Orc:2        Vaults (0/5) D:13
 Depths (0/4) D:15

Altars:
Trog
Uskayaw
Vehumet
Wu Jian
Jiyva

Shops:
D:4 ((:   D:5 ?   D:8 [   D:12 [   Orc:2 (=**   Shoals:1 :*=[   Shoals:2 *(!

Annotations:
D:4 1 runed translucent door, Crazy Yiuf
D:12 1 runed translucent door
D:15 3 runed translucent doors, Cieciepa's ghost, journeyman DsGl
Shoals:1 1 runed translucent door, Ullipcorian's ghost, adept HOFi
Snake:3 6 transporters
Orc:2 1 runed translucent door


Message History

The merfolk impaler hits you but does no damage. x2
You slash the storm dragon!
You feel better.
The storm dragon is severely wounded.
The merfolk javelineer hits you from afar with a +1 vorpal spear.
The merfolk impaler hits you from afar with a +2 glaive of flaming!
The merfolk javelineer throws a silver javelin.
The silver javelin pierces through you but does no damage.
The silver sears you! The merfolk impaler misses you.
The merfolk throws a boomerang.
You block the boomerang.
The storm dragon bites you but does no damage.
You block the storm dragon's attack. The storm dragon barely misses you.
You block the merfolk impaler's attack. The merfolk impaler closely misses you.
You block the merfolk javelineer's attack.
You slash the storm dragon!
The storm dragon is almost dead.
Your surroundings suddenly seem different.
Found six items.
Throw: 3 javelins (silver)
Press: ? - help, Q - select action, (/) - cycle Shift-Dir - straight line, f - water elemental You throw a silver javelin.
The silver javelin pierces through the water elemental!
The water elemental is moderately damaged.
The wind drake flaps its wings at you. The air twists around and strikes you.
37882 ||| Stepping ~*~*~tactically~*~*~ (hiding).
Found Sif Muna's Guide on the Storm and Impurities.
You see here a +1 helmet of intelligence.
You start resting.
The wind drake exhales a fierce blast of wind!
You are blown backwards!
Found a trident.
37884 ||| READING 6 scrolls of teleportation.
As you read the scroll of teleportation, it crumbles to dust.
You feel strangely unstable.
The merfolk javelineer throws a javelin.
The javelin pierces through you.
The storm dragon breathes lightning at you.
The bolt of lightning misses you.
The merfolk javelineer throws a javelin.
The javelin pierces through you!
You die...

###### ~~ #8.... .~
#...~. ~~ #~~)#.
.#..~)#
..##.)#.#~#.#..~~~
...~~.##.#.#..~%~
.~#.8.D.~#.#..~#~
##.#...#.~(.#.~~#~
.~####@~.#~~.#t#.#.~~#~
.#.[....).#.~.m#~#.~~~.
#..)~...}#...#mD)..~~~~
###.....k# #m..#)..~~#~
#:.#..}#...tm))#.~#~~
#)~##..E..k#.m.#.~~#~
..#. ###~~E.#.#.#.#~.~
.8.#. #.8.#..#.#.#~#~ .
#..#..~(.#[)~~~


You could see a storm dragon (catching breath), a merfolk javelineer, a snapping
turtle, a wind drake (repels missiles) and a water elemental.

Vanquished Creatures
  Mara (Snake:3)
  Saint Roka (Snake:2)
  Vashnia (Snake:2)
  Jorgrun (Snake:1)
  Rupert (D:13)
  Agnes (Snake:1)
  Kirke (Lair:3)
  Aizul (Snake:2)
  An orc warlord (Orc:1)
  Nessos (D:13)
  A merfolk javelineer (Shoals:4)
  Josephine (D:15)
  7 merfolk impalers
  3 hydras
  8 catoblepae
  4 ogre magi (Orc:2)
  An ice dragon (D:13)
  A merfolk avatar (Shoals:4)
  16 two-headed ogres
  6 centaur warriors
  3 anacondas
  5 merfolk aquamancers
  2 satyrs
  3 naga warriors
  4 death yaks (Lair:5)
  A vampire mage (D:15)
  7 naga sharpshooters
  An orc high priest (Orc:2)
  4 shock serpents
  6 skeletal warriors
  A deep troll (shapeshifter) (D:13)
  A glowing orange brain (D:14)
  10 sea snakes
  3 naga ritualists
  4 mana vipers
  A deep elf zephyrmancer (D:15)
  3 orc knights (Orc:2)
  An iron dragon zombie (D:15)
  A necromancer (D:15)
  A lindwurm (Lair:2)
  6 ugly things
  A deep elf pyromancer (D:13)
  A tengu skeleton (D:15)
  14 fauns
  13 manticores
  A wolf spider (D:15)
  4 salamanders
  5 orc sorcerers
  16 elephants
  12 cyclopes
  Joseph (D:7)
  5 naga magi
  4 water nymphs
  4 merfolk sirens
  23 black mambas
  A torpor snail (Lair:2)
  2 gargoyles (D:10)
  An unseen horror (D:12)
  16 cane toads
  6 rime drakes
  A kobold demonologist (D:9)
  10 komodo dragons
  A yaktaur (D:14)
  A tengu conjurer (D:15)
  23 merfolk
  5 trolls
  2 polar bears
  12 wind drakes
  3 hornets
  3 slime creatures (D:12)
  Grinder (D:5)
  7 dream sheep
  3 snapping turtles
  20 blink frogs
  2 shadows
  An air elemental (Shoals:4)
  12 water elementals
  A hog (Lair:3)
  10 wraiths
  49 yaks
  8 wyverns
  15 humans (D:13)
  Grum (D:8)
  A steam dragon (D:7)
  5 vampire mosquitoes (D:12)
  3 wargs
  A human zombie (D:15)
  25 nagas
  A tengu zombie (D:15)
  13 water moccasins
  Duvessa (D:5)
  2 ice beasts
  23 orc warriors
  3 black bears
  2 sky beasts (D:7)
  18 wolves
  22 ogres
  3 centaurs
  A phantom (D:5)
  A kobold brigand (D:10)
  9 bullfrogs
  3 scorpions
  12 wights
  Dowan (D:5)
  9 killer bees
  3 howler monkeys (D:8)
  6 electric eels (D:10)
  2 jellies
  22 orc priests
  4 gnoll boudas
  4 hounds
  5 iguanas
  26 orc wizards
  Robin (D:2)
  21 gnolls
  6 adders
  A white imp (D:5)
  A worm (D:2)
  2 dart slugs
  95 orcs
  6 ball pythons
  3 bats
  6 endoplasms
  2 giant cockroaches (D:4)
  11 hobgoblins
  2 jackals (D:1)
  2 quokkas
  4 frilled lizards
  12 goblins
  6 kobolds
  3 rats
862 creatures vanquished.

Vanquished Creatures (collateral kills)
  7 two-headed ogres
  A hydra (D:10)
  A tengu warrior (D:15)
  An orc high priest (Orc:2)
  An orc knight (D:13)
  A cyclops (D:15)
  A naga mage (Snake:1)
  2 ice statues (Snake:1)
  A merfolk siren (Shoals:3)
  3 merfolk (Shoals:3)
  A human (D:13)
  A warg (Orc:2)
  An orc warrior (Orc:2)
  4 ogres
  An orc wizard (Orc:2)
  4 orcs
31 creatures vanquished.

Vanquished Creatures (others)
  A wraith (D:13)
  A wyvern (Lair:3)
  3 humans (Lair:3)
  A bullfrog (Lair:3)
  An orc (Orc:2)
  63 fungi
  124 plants
  12 withered plants
206 creatures vanquished.

Grand Total: 1099 creatures vanquished

Notes
Turn   | Place    | Note
-------+----------+-------------------------------------------
     0 | D:1      | qw the Minotaur Berserker began the quest for the Orb.
     0 | D:1      | Reached XP level 1. HP: 19/19 MP: 0/0
     0 | D:1      | 0 ||| qw: Version: 0.1-a-119-g272c26d
     0 | D:1      | 0 ||| qw: Game counter: 11247
     0 | D:1      | 0 ||| qw: Always use a shield: true
     0 | D:1      | 0 ||| qw: Do Orc after D:15 true
     0 | D:1      | 0 ||| qw: Do second Lair branch before Depths: true
     0 | D:1      | 0 ||| qw: Lair rune preference: random
     0 | D:1      | 0 ||| qw: Plans: Normal
     0 | D:1      | 0 ||| PLANNING D:1-11
   349 | D:1      | Reached XP level 2. HP: 26/26 MP: 1/1
   796 | D:1      | Found a faded altar of an unknown god.
  1254 | D:1      | 1254 ||| UPGRADING to +0 scale mail.
  1264 | D:1      | 1264 ||| DROPPING +0 animal skin.
  1265 | D:1      | 1265 ||| READING scroll labelled KEYLON TAWEHEB.
  1266 | D:1      | 1266 ||| READING scroll labelled MORAWE ORU.
  1430 | D:2      | 1430 ||| FLEEEEING.
  1431 | D:2      | 1431 ||| FLEEEEING.
  1432 | D:2      | 1432 ||| FLEEEEING.
  1433 | D:2      | 1433 ||| FLEEEEING.
  1434 | D:2      | 1434 ||| FLEEEEING.
  1435 | D:2      | 1435 ||| FLEEEEING.
  1436 | D:2      | 1436 ||| FLEEEEING.
  1437 | D:2      | 1437 ||| FLEEEEING.
  1438 | D:2      | 1438 ||| FLEEEEING.
  1439 | D:2      | 1439 ||| FLEEEEING.
  1440 | D:2      | 1440 ||| FLEEEEING.
  1441 | D:2      | 1441 ||| FLEEEEING.
  1442 | D:2      | 1442 ||| FLEEEEING.
  1542 | D:2      | Noticed Robin
  1543 | D:2      | 1543 ||| Stepping ~*~*~tactically~*~*~ (stealth).
  1545 | D:2      | 1545 ||| Stepping ~*~*~tactically~*~*~ (hiding).
  1547 | D:2      | 1547 ||| Stepping ~*~*~tactically~*~*~ (hiding).
  1549 | D:2      | 1549 ||| Stepping ~*~*~tactically~*~*~ (hiding).
  1550 | D:2      | 1550 ||| Stepping ~*~*~tactically~*~*~ (hiding).
  1553 | D:2      | 1553 ||| INVOKING Berserk.
  1556 | D:2      | Reached XP level 3. HP: 31/31 MP: 2/2
  1558 | D:2      | Reached ** piety under Trog
  1559 | D:2      | Killed Robin
  1768 | D:2      | 1768 ||| Stepping ~*~*~tactically~*~*~ (stealth).
  1780 | D:2      | 1780 ||| INVOKING Berserk.
  2223 | D:2      | 2223 ||| Stepping ~*~*~tactically~*~*~ (hiding).
  2322 | D:2      | 2322 ||| DROPPING +0 leather armour of cold resistance.
  2323 | D:2      | 2323 ||| READING scroll labelled HICZEE SEMOUPH.
  2324 | D:2      | 2324 ||| READING scroll labelled CEEGOT INNOSEA.
  2325 | D:2      | 2325 ||| READING scroll labelled ETZOONEPRI VEIR.
  2326 | D:2      | 2326 ||| DRINKING 3 fizzy purple potions.
  2327 | D:2      | 2327 ||| DRINKING 2 dark potions.
  2431 | D:2      | 2431 ||| DROPPING potion of berserk rage.
  2670 | D:3      | 2670 ||| DROPPING +0 club.
  2676 | D:3      | 2676 ||| Stepping ~*~*~tactically~*~*~ (hiding).
  2677 | D:3      | 2677 ||| Stepping ~*~*~tactically~*~*~ (hiding).
  2683 | D:3      | Reached skill level 6 in Axes
  2683 | D:3      | Reached XP level 4. HP: 38/39 MP: 3/3
  2996 | D:3      | 2996 ||| DRINKING 4 potions of curing.
  2996 | D:3      | 2996 ||| (to cure confusion)
  2997 | D:3      | 2997 ||| INVOKING Berserk.
  3398 | D:3      | 3398 ||| UPGRADING to +0 cloak.
  3403 | D:3      | 3403 ||| DRINKING 2 green potions.
  3404 | D:3      | 3404 ||| READING 2 scrolls of identify.
  3404 | D:3      | 3404 ||| IDENTIFYING brown potion
  3405 | D:3      | 3405 ||| DROPPING potion of attraction.
  3465 | D:4      | Found Guggoxa's Book Boutique.
  3533 | D:4      | Found a hide-covered altar of Uskayaw.
  3535 | D:4      | 3535 ||| Stepping ~*~*~tactically~*~*~ (stealth).
  3542 | D:4      | 3542 ||| Stepping ~*~*~tactically~*~*~ (stealth).
  3550 | D:4      | 3550 ||| Stepping ~*~*~tactically~*~*~ (hiding).
  3555 | D:4      | 3555 ||| INVOKING Berserk.
  3557 | D:4      | Reached XP level 5. HP: 45/45 MP: 4/4
  3680 | D:4      | 3680 ||| Stepping ~*~*~tactically~*~*~ (stealth).
  3719 | D:4      | Noticed an ogre
  3725 | D:4      | 3725 ||| INVOKING Berserk.
  3731 | D:4      | Killed an ogre
  3732 | D:4      | Reached skill level 5 in Fighting
  3810 | D:4      | Found Muolemit's Weapon Shoppe.
  3823 | D:4      | 3823 ||| BUYING +0 flail of protection (62 gold).
  3823 | D:4      | Bought a +0 flail of protection for 62 gold pieces
  3823 | D:4      | 3823 ||| DROPPING +0 whip.
  3837 | D:4      | 3837 ||| INVOKING Berserk.
  3842 | D:4      | Reached XP level 6. HP: 56/56 MP: 5/5
  3956 | D:4      | Found Nuaggu Telui's Weapon Shop.
  3961 | D:4      | 3961 ||| BUYING +0 war axe (45 gold).
  3961 | D:4      | Bought a +0 war axe for 45 gold pieces
  3961 | D:4      | 3961 ||| SWAPPING to +0 war axe.
  3962 | D:4      | 3962 ||| DROPPING +0 hand axe.
  4047 | D:4      | 4047 ||| INVOKING Berserk.
  4251 | D:4      | Found a runed translucent door.
  4252 | D:4      | Noticed Crazy Yiuf
  4525 | D:4      | 4525 ||| UPGRADING to +0 buckler.
  4530 | D:4      | 4530 ||| READING scroll labelled CEAREURGHYM.
  4531 | D:4      | 4531 ||| READING scroll labelled AKURCH NEEMAU.
  4532 | D:4      | 4532 ||| DRINKING 2 viscous ruby potions.
  4580 | D:4      | 4580 ||| DROPPING potion of lignification.
  4623 | D:5      | Entered Level 5 of the Dungeon
  4628 | D:5      | 4628 ||| INVOKING Berserk.
  4631 | D:5      | Reached skill level 1 in Shields
  4646 | D:5      | 4646 ||| STAIRDANCE
  4920 | D:5      | Reached XP level 7. HP: 50/61 MP: 6/6
  4993 | D:5      | 4993 ||| Stepping ~*~*~tactically~*~*~ (hiding).
  4994 | D:5      | 4994 ||| Stepping ~*~*~tactically~*~*~ (hiding).
  5014 | D:5      | 5014 ||| INVOKING Berserk.
  5020 | D:5      | Reached skill level 9 in Axes
  5043 | D:5      | 5043 ||| FLEEEEING.
  5044 | D:5      | 5044 ||| STAIRDANCE
  5192 | D:4      | 5192 ||| READING 2 scrolls labelled KEPLIGHA CUCS.
  5193 | D:4      | 5193 ||| DRINKING 2 silvery potions.
  5194 | D:4      | 5194 ||| DROPPING scroll of poison.
  5195 | D:4      | 5195 ||| DROPPING potion of degeneration.
  5196 | D:4      | 5196 ||| READING 2 scrolls of teleportation.
  5316 | D:5      | 5316 ||| INVOKING Berserk.
  5320 | D:5      | Reached skill level 3 in Shields
  5466 | D:5      | Found Kuejo's Magic Scroll Shoppe.
  5467 | D:5      | Noticed Grinder
  5468 | D:5      | 5468 ||| INVOKING Trog's Hand.
  5471 | D:5      | 5471 ||| INVOKING Berserk.
  5479 | D:5      | Killed Grinder
  5593 | D:5      | 5593 ||| SHOPLISTING scroll of acquirement (728 gold, have
                  | 76).
  5593 | D:5      | 5593 ||| SHOPLISTING scroll of enchant armour (105 gold,
                  | have 76).
  5593 | D:5      | 5593 ||| SHOPLISTING scroll of enchant weapon (105 gold,
                  | have 76).
  5593 | D:5      | 5593 ||| BUYING scroll of identify (28 gold).
  5593 | D:5      | Bought a scroll of identify for 28 gold pieces
  5593 | D:5      | 5593 ||| BUYING scroll of identify (28 gold).
  5593 | D:5      | Bought a scroll of identify for 28 gold pieces
  5593 | D:5      | 5593 ||| SHOPLISTING scroll of identify (28 gold, have 20).
  5593 | D:5      | 5593 ||| SHOPLISTING scroll of teleportation (42 gold, have
                  | 20).
  5712 | D:5      | 5712 ||| INVOKING Berserk.
  5717 | D:5      | Reached skill level 6 in Fighting
  5717 | D:5      | Reached XP level 8. HP: 70/70 MP: 7/7
  5911 | D:5      | 5911 ||| Stepping ~*~*~tactically~*~*~ (hiding).
  5912 | D:5      | 5912 ||| Stepping ~*~*~tactically~*~*~ (hiding).
  5918 | D:5      | Noticed Duvessa
  5918 | D:5      | Noticed Dowan
  5920 | D:5      | 5920 ||| Stepping ~*~*~tactically~*~*~ (hiding).
  5921 | D:5      | 5921 ||| Stepping ~*~*~tactically~*~*~ (hiding).
  5923 | D:5      | 5923 ||| FLEEEEING.
  5924 | D:5      | 5924 ||| FLEEEEING.
  5925 | D:5      | 5925 ||| INVOKING Berserk.
  5928 | D:5      | Killed Duvessa
  5930 | D:5      | Killed Dowan
  5954 | D:5      | 5954 ||| Stepping ~*~*~tactically~*~*~ (stealth).
  6122 | D:5      | 6122 ||| INVOKING Berserk.
  6125 | D:5      | Reached skill level 3 in Armour
  6340 | D:5      | 6340 ||| READING 2 scrolls labelled FULOVUDIGH.
  6341 | D:5      | 6341 ||| READING scroll labelled HOSKIOCUNI.
  6342 | D:5      | 6342 ||| READING 3 scrolls of identify.
  6342 | D:5      | 6342 ||| IDENTIFYING glowing white potion
  6343 | D:5      | 6343 ||| READING 2 scrolls of identify.
  6343 | D:5      | 6343 ||| IDENTIFYING golden potion
  6344 | D:5      | 6344 ||| DROPPING scroll of immolation.
  6345 | D:5      | 6345 ||| DROPPING potion of invisibility.
  6373 | D:6      | 6373 ||| INVOKING Berserk.
  6387 | D:6      | 6387 ||| STAIRDANCE
  6507 | D:6      | 6507 ||| INVOKING Berserk.
  6510 | D:6      | Reached skill level 1 in Throwing
  6608 | D:6      | 6608 ||| DROPPING +0 flail of protection.
  6626 | D:6      | 6626 ||| Stepping ~*~*~tactically~*~*~ (hiding).
  6628 | D:6      | 6628 ||| Stepping ~*~*~tactically~*~*~ (hiding).
  6636 | D:6      | 6636 ||| Stepping ~*~*~tactically~*~*~ (hiding).
  6638 | D:6      | 6638 ||| Stepping ~*~*~tactically~*~*~ (hiding).
  6641 | D:6      | 6641 ||| Stepping ~*~*~tactically~*~*~ (hiding).
  6750 | D:6      | 6750 ||| INVOKING Berserk.
  6924 | D:6      | 6924 ||| Stepping ~*~*~tactically~*~*~ (stealth).
  6930 | D:6      | Reached *** piety under Trog
  6931 | D:6      | 6931 ||| Stepping ~*~*~tactically~*~*~ (stealth).
  7174 | D:6      | 7174 ||| UPGRADING to +0 chain mail.
  7184 | D:6      | 7184 ||| DROPPING +0 scale mail.
  7185 | D:6      | 7185 ||| UPGRADING to amulet of guardian spirit.
  7190 | D:6      | 7190 ||| DRINKING 3 fuming dark potions.
  7190 | D:6      | Gained mutation: You occasionally shout uncontrollably at
                  | your foes. [potion of mutation]
  7190 | D:6      | Gained mutation: You have a pair of large horns on your
                  | head. [potion of mutation]
  7191 | D:6      | 7191 ||| READING 2 scrolls of identify.
  7191 | D:6      | 7191 ||| IDENTIFYING bubbling red potion
  7192 | D:6      | 7192 ||| DROPPING potion of flight.
  7210 | D:7      | 7210 ||| Stepping ~*~*~tactically~*~*~ (stealth).
  7212 | D:7      | 7212 ||| STAIRDANCE
  7217 | D:6      | Reached XP level 9. HP: 64/73 MP: 8/8
  7256 | D:7      | 7256 ||| STAIRDANCE
  7387 | D:6      | 7387 ||| SWAPPING to +3 war axe of freezing.
  7388 | D:6      | 7388 ||| DROPPING +0 war axe.
  7395 | D:7      | Reached skill level 12 in Axes
  7401 | D:7      | 7401 ||| Stepping ~*~*~tactically~*~*~ (hiding).
  7402 | D:7      | 7402 ||| Stepping ~*~*~tactically~*~*~ (hiding).
  7412 | D:7      | Reached skill level 7 in Fighting
  7423 | D:7      | 7423 ||| FLEEEEING.
  7424 | D:7      | 7424 ||| STAIRDANCE
  7553 | D:7      | 7553 ||| STAIRDANCE
  7637 | D:7      | 7637 ||| DROPPING +0 morningstar.
  7661 | D:7      | Identified the +6 dagger "Melut" {flame, rF++}
  7729 | D:7      | 7729 ||| Stepping ~*~*~tactically~*~*~ (stealth).
  7815 | D:7      | 7815 ||| Stepping ~*~*~tactically~*~*~ (stealth).
  7836 | D:7      | 7836 ||| Stepping ~*~*~tactically~*~*~ (stealth).
  7837 | D:7      | 7837 ||| Stepping ~*~*~tactically~*~*~ (stealth).
  7890 | D:7      | 7890 ||| Stepping ~*~*~tactically~*~*~ (hiding).
  7893 | D:7      | 7893 ||| INVOKING Berserk.
  8095 | D:7      | Found a staircase to the Ecumenical Temple.
  8098 | D:7      | 8098 ||| Stepping ~*~*~tactically~*~*~ (stealth).
  8100 | D:7      | 8100 ||| Stepping ~*~*~tactically~*~*~ (hiding).
  8102 | D:7      | 8102 ||| INVOKING Berserk.
  8287 | D:7      | 8287 ||| Stepping ~*~*~tactically~*~*~ (stealth).
  8294 | D:7      | Reached skill level 3 in Throwing
  8370 | D:7      | 8370 ||| Stepping ~*~*~tactically~*~*~ (stealth).
  8422 | D:7      | Found an ornate altar of the Wu Jian Council.
  8457 | D:7      | Noticed Joseph
  8469 | D:7      | Killed Joseph
  8470 | D:7      | Reached skill level 8 in Fighting
  8754 | D:7      | 8754 ||| UPGRADING to +6 ring of strength.
  8755 | D:7      | 8755 ||| DROPPING ring of ice.
  8756 | D:7      | 8756 ||| UPGRADING to +4 ring of protection.
  8757 | D:7      | 8757 ||| READING 2 scrolls of identify.
  8757 | D:7      | 8757 ||| IDENTIFYING sapphire potion
  8758 | D:7      | 8758 ||| DROPPING potion of ambrosia.
  8842 | D:8      | Found Hyzioch's Armour Shop.
  8850 | D:8      | 8850 ||| BUYING +0 pair of gloves (67 gold).
  8850 | D:8      | Bought a +0 pair of gloves for 67 gold pieces
  8850 | D:8      | 8850 ||| SHOPLISTING +0 plate armour (345 gold, have 100).
  8850 | D:8      | 8850 ||| SHOPLISTING +1 chain mail of Fear {+Blink Regen+}
                  | (352 gold, have 100).
  8850 | D:8      | 8850 ||| SHOPLISTING +2 scale mail of cold resistance (315
                  | gold, have 100).
  8850 | D:8      | 8850 ||| SHOPLISTING +3 Mad Mage's Maulers {Infuse+∞
                  | RegenMP Int-3} (600 gold, have 100).
  8914 | D:8      | 8914 ||| Stepping ~*~*~tactically~*~*~ (hiding).
  8916 | D:8      | 8916 ||| INVOKING Berserk.
  8966 | D:8      | 8966 ||| FLEEEEING.
  9099 | D:8      | 9099 ||| Stepping ~*~*~tactically~*~*~ (stealth).
  9100 | D:8      | 9100 ||| Stepping ~*~*~tactically~*~*~ (stealth).
  9106 | D:8      | 9106 ||| INVOKING Berserk.
  9137 | D:8      | 9137 ||| Stepping ~*~*~tactically~*~*~ (stealth).
  9138 | D:8      | 9138 ||| FLEEEEING.
  9258 | D:8      | 9258 ||| Stepping ~*~*~tactically~*~*~ (stealth).
  9275 | D:8      | 9275 ||| Stepping ~*~*~tactically~*~*~ (hiding).
  9280 | D:8      | 9280 ||| INVOKING Berserk.
  9283 | D:8      | Reached skill level 3 in Dodging
  9295 | D:8      | Reached XP level 10. HP: 90/90 MP: 9/9
  9428 | D:8      | Reached **** piety under Trog
  9438 | D:8      | Paralysed by a hornet for 3 turns
  9442 | D:8      | 9442 ||| INVOKING Berserk.
  9692 | D:8      | 9692 ||| Stepping ~*~*~tactically~*~*~ (stealth).
  9694 | D:8      | 9694 ||| Stepping ~*~*~tactically~*~*~ (stealth).
  9812 | D:8      | Identified the +1 robe of the Slug {rC++}
  9825 | D:8      | 9825 ||| INVOKING Berserk.
  9909 | D:8      | 9909 ||| Stepping ~*~*~tactically~*~*~ (stealth).
  9916 | D:8      | Found a staircase to the Lair.
 10064 | D:8      | Noticed Grum
 10065 | D:8      | 10065 ||| Stepping ~*~*~tactically~*~*~ (hiding).
 10068 | D:8      | 10068 ||| INVOKING Berserk.
 10070 | D:8      | Killed Grum
 10071 | D:8      | Reached skill level 15 in Axes
 10151 | D:8      | 10151 ||| Stepping ~*~*~tactically~*~*~ (stealth).
 10160 | D:8      | Reached skill level 9 in Fighting
 10170 | D:8      | Reached skill level 6 in Armour
 10338 | D:8      | 10338 ||| Stepping ~*~*~tactically~*~*~ (hiding).
 10638 | D:8      | 10638 ||| PLANNING LAIR
 10638 | D:8      | 10638 ||| UPGRADING to +0 pair of gloves.
 10643 | D:8      | 10643 ||| READING scroll labelled QESUN SEM YMP.
 10644 | D:8      | 10644 ||| READING 2 scrolls of identify.
 10644 | D:8      | 10644 ||| IDENTIFYING fuming golden potion
 10645 | D:8      | 10645 ||| DROPPING potion of magic.
 10651 | Lair:1   | Entered Level 1 of the Lair of Beasts
 10708 | Lair:1   | Noticed a black mamba
 10710 | Lair:1   | 10710 ||| INVOKING Berserk.
 10713 | Lair:1   | Killed a black mamba
 10876 | Lair:1   | Noticed a cane toad
 10877 | Lair:1   | 10877 ||| Stepping ~*~*~tactically~*~*~ (stealth).
 10883 | Lair:1   | 10883 ||| INVOKING Berserk.
 10886 | Lair:1   | Killed a cane toad
 11051 | Lair:1   | Reached XP level 11. HP: 97/97 MP: 10/10
 11059 | Lair:1   | Identified the ring "Agaw Wast" {rN+ Int-5 Dex+5 Stlth+}
 11174 | Lair:1   | 11174 ||| Stepping ~*~*~tactically~*~*~ (stealth).
 11175 | Lair:1   | 11175 ||| Stepping ~*~*~tactically~*~*~ (stealth).
 11190 | Lair:1   | Reached skill level 6 in Shields
 11409 | Lair:1   | 11409 ||| DROPPING ring "Agaw Wast" {rN+ Int-5 Dex+5
                  | Stlth+}.
 11410 | Lair:1   | 11410 ||| READING 2 scrolls of identify.
 11410 | Lair:1   | 11410 ||| IDENTIFYING orange potion
 11424 | Lair:2   | 11424 ||| Stepping ~*~*~tactically~*~*~ (stealth).
 11426 | Lair:2   | 11426 ||| Stepping ~*~*~tactically~*~*~ (stealth).
 11428 | Lair:2   | 11428 ||| Stepping ~*~*~tactically~*~*~ (hiding).
 11429 | Lair:2   | 11429 ||| Stepping ~*~*~tactically~*~*~ (hiding).
 11430 | Lair:2   | 11430 ||| Stepping ~*~*~tactically~*~*~ (stealth).
 11441 | Lair:2   | 11441 ||| INVOKING Berserk.
 11477 | Lair:2   | Noticed a catoblepas
 11478 | Lair:2   | 11478 ||| Stepping ~*~*~tactically~*~*~ (stealth).
 11479 | Lair:2   | 11479 ||| Stepping ~*~*~tactically~*~*~ (stealth).
 11480 | Lair:2   | 11480 ||| Stepping ~*~*~tactically~*~*~ (stealth).
 11481 | Lair:2   | 11481 ||| Stepping ~*~*~tactically~*~*~ (stealth).
 11484 | Lair:2   | 11484 ||| Stepping ~*~*~tactically~*~*~ (stealth).
 11486 | Lair:2   | 11486 ||| Stepping ~*~*~tactically~*~*~ (stealth).
 11496 | Lair:2   | 11496 ||| Stepping ~*~*~tactically~*~*~ (cloud).
 11498 | Lair:2   | 11498 ||| Stepping ~*~*~tactically~*~*~ (cloud).
 11500 | Lair:2   | 11500 ||| Stepping ~*~*~tactically~*~*~ (cloud).
 11502 | Lair:2   | Killed a catoblepas
 11503 | Lair:2   | Reached skill level 10 in Fighting
 11540 | Lair:2   | 11540 ||| INVOKING Berserk.
 11792 | Lair:2   | Noticed a lindwurm
 11796 | Lair:2   | 11796 ||| INVOKING Berserk.
 11799 | Lair:2   | Killed a lindwurm
 11866 | Lair:2   | Noticed a six-headed hydra
 11867 | Lair:2   | 11867 ||| INVOKING Brothers in Arms.
 11868 | Lair:2   | 11868 ||| INVOKING Brothers in Arms.
 11869 | Lair:2   | 11869 ||| INVOKING Brothers in Arms.
 11870 | Lair:2   | 11870 ||| INVOKING Brothers in Arms.
 11871 | Lair:2   | 11871 ||| INVOKING Brothers in Arms.
 11872 | Lair:2   | 11872 ||| INVOKING Brothers in Arms.
 11873 | Lair:2   | 11873 ||| INVOKING Brothers in Arms.
 11874 | Lair:2   | 11874 ||| SWAPPING to +2 morningstar.
 11875 | Lair:2   | 11875 ||| INVOKING Berserk.
 11877 | Lair:2   | Killed a six-headed hydra
 11889 | Lair:2   | 11889 ||| SWAPPING to +3 vampiric war axe.
 12046 | Lair:2   | 12046 ||| Stepping ~*~*~tactically~*~*~ (stealth).
 12047 | Lair:2   | 12047 ||| INVOKING Berserk.
 12069 | Lair:2   | Reached skill level 11 in Fighting
 12073 | Lair:2   | Noticed a catoblepas
 12081 | Lair:2   | 12081 ||| Stepping ~*~*~tactically~*~*~ (cloud).
 12082 | Lair:2   | 12082 ||| Stepping ~*~*~tactically~*~*~ (cloud).
 12083 | Lair:2   | Killed a catoblepas
 12178 | Lair:2   | 12178 ||| INVOKING Berserk.
 12182 | Lair:2   | Reached skill level 9 in Armour
 12189 | Lair:2   | Reached XP level 12. HP: 110/110 MP: 9/11
 12230 | Lair:2   | 12230 ||| INVOKING Berserk.
 12232 | Lair:2   | Reached skill level 12 in Fighting
 12527 | Lair:2   | 12527 ||| Stepping ~*~*~tactically~*~*~ (stealth).
 12529 | Lair:2   | 12529 ||| INVOKING Berserk.
 12828 | Lair:2   | Found a staircase to the Shoals.
 13439 | Lair:2   | 13439 ||| DROPPING amulet of the acrobat.
 13440 | Lair:2   | 13440 ||| DROPPING amulet of faith.
 13483 | Lair:3   | 13483 ||| PLANNING GAUNTLET
 13496 | Lair:3   | 13496 ||| INVOKING Berserk.
 13504 | Lair:3   | Reached skill level 6 in Dodging
 13555 | Lair:3   | 13555 ||| Stepping ~*~*~tactically~*~*~ (stealth).
 13558 | Lair:3   | 13558 ||| INVOKING Berserk.
 13697 | Lair:3   | 13697 ||| Stepping ~*~*~tactically~*~*~ (stealth).
 13698 | Lair:3   | 13698 ||| Stepping ~*~*~tactically~*~*~ (stealth).
 13700 | Lair:3   | 13700 ||| Stepping ~*~*~tactically~*~*~ (stealth).
 13704 | Lair:3   | Reached skill level 13 in Fighting
 13729 | Lair:3   | Noticed Kirke
 13730 | Lair:3   | 13730 ||| INVOKING Trog's Hand.
 13731 | Lair:3   | 13731 ||| Stepping ~*~*~tactically~*~*~ (stealth).
 13733 | Lair:3   | 13733 ||| INVOKING Berserk.
 13741 | Lair:3   | Killed Kirke
 13765 | Lair:3   | 13765 ||| FLEEEEING.
 13925 | Lair:3   | 13925 ||| Stepping ~*~*~tactically~*~*~ (stealth).
 13937 | Lair:3   | Reached skill level 6 in Throwing
 13938 | Lair:3   | 13938 ||| FLEEEEING.
 13959 | Lair:3   | 13959 ||| RIP GAUNTLET
 13980 | Lair:3   | 13980 ||| PLANNING LAIR
 14004 | Lair:3   | Reached skill level 9 in Shields
 14140 | Lair:3   | 14140 ||| Stepping ~*~*~tactically~*~*~ (stealth).
 14144 | Lair:3   | 14144 ||| INVOKING Berserk.
 14175 | Lair:3   | 14175 ||| FLEEEEING.
 14182 | Lair:3   | 14182 ||| STAIRDANCE
 14290 | Lair:2   | 14290 ||| READING scroll labelled JIXTUL PAR.
 14376 | Lair:3   | Reached skill level 14 in Fighting
 14377 | Lair:3   | 14377 ||| Stepping ~*~*~tactically~*~*~ (hiding).
 14380 | Lair:3   | Found a staircase to the Snake Pit.
 14390 | Lair:3   | Reached XP level 13. HP: 111/124 MP: 10/12
 14599 | Lair:3   | 14599 ||| INVOKING Berserk.
 14868 | Lair:3   | 14868 ||| READING 2 scrolls labelled EGADIB WEAPPE.
 14869 | Lair:3   | 14869 ||| DROPPING scroll of noise.
 14888 | Lair:4   | 14888 ||| READING scroll of enchant armour.
 14888 | Lair:4   | 14888 ||| ENCHANTING +0 pair of gloves.
 14896 | Lair:4   | 14896 ||| INVOKING Berserk.
 15055 | Lair:4   | 15055 ||| Stepping ~*~*~tactically~*~*~ (cloud).
 15058 | Lair:4   | 15058 ||| Stepping ~*~*~tactically~*~*~ (hiding).
 15065 | Lair:4   | 15065 ||| INVOKING Berserk.
 15197 | Lair:4   | 15197 ||| INVOKING Berserk.
 15364 | Lair:4   | 15364 ||| READING scroll of enchant armour.
 15364 | Lair:4   | 15364 ||| ENCHANTING +1 pair of gloves.
 15377 | Lair:4   | 15377 ||| INVOKING Brothers in Arms.
 15379 | Lair:4   | 15379 ||| SWAPPING to +2 morningstar.
 15380 | Lair:4   | 15380 ||| INVOKING Berserk.
 15391 | Lair:4   | 15391 ||| SWAPPING to +3 vampiric war axe.
 15547 | Lair:4   | Found a viscous altar of Jiyva.
 15548 | Lair:4   | Found a staircase to the Slime Pits.
 15796 | Lair:4   | 15796 ||| READING scroll of enchant armour.
 15796 | Lair:4   | 15796 ||| ENCHANTING +0 cloak.
 15891 | Lair:4   | 15891 ||| INVOKING Berserk.
 16072 | Lair:4   | 16072 ||| Stepping ~*~*~tactically~*~*~ (stealth).
 16078 | Lair:4   | 16078 ||| Stepping ~*~*~tactically~*~*~ (stealth).
 16080 | Lair:4   | 16080 ||| Stepping ~*~*~tactically~*~*~ (stealth).
 16081 | Lair:4   | 16081 ||| Stepping ~*~*~tactically~*~*~ (stealth).
 16479 | Lair:4   | 16479 ||| DROPPING orb of mayhem.
 16480 | Lair:4   | 16480 ||| UPGRADING to +0 kite shield.
 16490 | Lair:4   | 16490 ||| DROPPING +0 buckler.
 16491 | Lair:4   | 16491 ||| UPGRADING to +0 plate armour.
 16501 | Lair:4   | 16501 ||| DROPPING +0 chain mail.
 16541 | Lair:5   | Entered Level 5 of the Lair of Beasts
 16696 | Lair:5   | 16696 ||| INVOKING Berserk.
 16852 | Lair:5   | 16852 ||| INVOKING Berserk.
 17021 | Lair:5   | 17021 ||| INVOKING Berserk.
 17146 | Lair:5   | 17146 ||| INVOKING Berserk.
 17177 | Lair:5   | 17177 ||| Stepping ~*~*~tactically~*~*~ (stealth).
 17340 | Lair:5   | 17340 ||| INVOKING Berserk.
 17639 | Lair:5   | 17639 ||| Stepping ~*~*~tactically~*~*~ (cloud).
 17643 | Lair:5   | 17643 ||| Stepping ~*~*~tactically~*~*~ (hiding).
 17647 | Lair:5   | 17647 ||| INVOKING Berserk.
 17775 | Lair:5   | 17775 ||| Stepping ~*~*~tactically~*~*~ (stealth).
 17777 | Lair:5   | 17777 ||| Stepping ~*~*~tactically~*~*~ (stealth).
 17780 | Lair:5   | 17780 ||| INVOKING Berserk.
 17792 | Lair:5   | Reached skill level 12 in Shields
 17925 | Lair:5   | 17925 ||| Stepping ~*~*~tactically~*~*~ (stealth).
 17932 | Lair:5   | 17932 ||| INVOKING Berserk.
 18074 | Lair:5   | 18074 ||| Stepping ~*~*~tactically~*~*~ (stealth).
 18075 | Lair:5   | 18075 ||| Stepping ~*~*~tactically~*~*~ (stealth).
 18081 | Lair:5   | 18081 ||| Stepping ~*~*~tactically~*~*~ (hiding).
 18084 | Lair:5   | 18084 ||| INVOKING Berserk.
 18293 | Lair:5   | 18293 ||| INVOKING Berserk.
 18704 | Lair:5   | 18704 ||| PLANNING D:1-11
 18913 | D:9      | 18913 ||| Stepping ~*~*~tactically~*~*~ (stealth).
 18923 | D:9      | Reached skill level 12 in Armour
 18973 | D:9      | 18973 ||| Stepping ~*~*~tactically~*~*~ (hiding).
 19117 | D:9      | Found a bloodstained altar of Trog.
 19138 | D:9      | 19138 ||| READING scroll of enchant weapon.
 19138 | D:9      | 19138 ||| ENCHANTING +3 vampiric war axe.
 19333 | D:9      | 19333 ||| Stepping ~*~*~tactically~*~*~ (hiding).
 19338 | D:9      | 19338 ||| DRINKING 9 potions of curing.
 19338 | D:9      | 19338 ||| (to cure confusion)
 19382 | D:9      | Reached XP level 14. HP: 106/133 MP: 10/13
 19781 | D:9      | 19781 ||| UPGRADING to +0 pair of boots.
 19786 | D:9      | 19786 ||| READING 6 scrolls of identify.
 19786 | D:9      | 19786 ||| IDENTIFYING inky potion
 19787 | D:9      | 19787 ||| READING 5 scrolls of identify.
 19787 | D:9      | 19787 ||| IDENTIFYING smoky golden potion
 19788 | D:9      | 19788 ||| DROPPING potion of brilliance.
 19801 | D:10     | Entered Level 10 of the Dungeon
 19832 | D:10     | Found a radiant altar of Vehumet.
 19867 | D:10     | 19867 ||| Stepping ~*~*~tactically~*~*~ (stealth).
 19944 | D:10     | 19944 ||| Stepping ~*~*~tactically~*~*~ (stealth).
 19946 | D:10     | 19946 ||| Stepping ~*~*~tactically~*~*~ (stealth).
 19950 | D:10     | 19950 ||| Stepping ~*~*~tactically~*~*~ (stealth).
 19954 | D:10     | 19954 ||| Stepping ~*~*~tactically~*~*~ (stealth).
 20370 | D:10     | Reached ***** piety under Trog
 20372 | D:10     | 20372 ||| Stepping ~*~*~tactically~*~*~ (stealth).
 20763 | D:10     | 20763 ||| Stepping ~*~*~tactically~*~*~ (stealth).
 20766 | D:10     | 20766 ||| FLEEEEING.
 20767 | D:10     | 20767 ||| FLEEEEING.
 20810 | D:10     | 20810 ||| Stepping ~*~*~tactically~*~*~ (stealth).
 20981 | D:10     | 20981 ||| FLEEEEING.
 20984 | D:10     | 20984 ||| FLEEEEING.
 20986 | D:10     | 20986 ||| FLEEEEING.
 20992 | D:10     | 20992 ||| FLEEEEING.
 20993 | D:10     | 20993 ||| FLEEEEING.
 20994 | D:10     | 20994 ||| FLEEEEING.
 20995 | D:10     | 20995 ||| FLEEEEING.
 20996 | D:10     | 20996 ||| FLEEEEING.
 20997 | D:10     | 20997 ||| FLEEEEING.
 21172 | D:10     | 21172 ||| DROPPING +6 ring of dexterity.
 21385 | D:11     | 21385 ||| FLEEEEING.
 21386 | D:11     | 21386 ||| FLEEEEING.
 21387 | D:11     | 21387 ||| STAIRDANCE
 21446 | D:11     | 21446 ||| STAIRDANCE
 21453 | D:11     | 21453 ||| STAIRDANCE
 21455 | D:10     | 21455 ||| INVOKING Brothers in Arms.
 21456 | D:10     | 21456 ||| SWAPPING to +2 morningstar.
 21457 | D:10     | 21457 ||| INVOKING Berserk.
 21481 | D:10     | 21481 ||| SWAPPING to +4 vampiric war axe.
 21605 | D:11     | 21605 ||| STAIRDANCE
 21611 | D:11     | 21611 ||| STAIRDANCE
 21636 | D:11     | 21636 ||| Stepping ~*~*~tactically~*~*~ (stealth).
 21637 | D:11     | 21637 ||| Stepping ~*~*~tactically~*~*~ (stealth).
 21706 | D:11     | Found a staircase to the Orcish Mines.
 21735 | D:11     | 21735 ||| Stepping ~*~*~tactically~*~*~ (stealth).
 21738 | D:11     | 21738 ||| Stepping ~*~*~tactically~*~*~ (hiding).
 21915 | D:11     | 21915 ||| PLANNING D
 21915 | D:11     | 21915 ||| UPGRADING to ring of poison resistance.
 21967 | D:12     | 21967 ||| Stepping ~*~*~tactically~*~*~ (stealth).
 21970 | D:12     | 21970 ||| Stepping ~*~*~tactically~*~*~ (stealth).
 22137 | D:12     | 22137 ||| INVOKING Berserk.
 22188 | D:12     | 22188 ||| Stepping ~*~*~tactically~*~*~ (stealth).
 22345 | D:12     | 22345 ||| Stepping ~*~*~tactically~*~*~ (hiding).
 22397 | D:12     | 22397 ||| Stepping ~*~*~tactically~*~*~ (hiding).
 22715 | D:12     | Found Ogofautoka's Armour Boutique.
 22802 | D:12     | 22802 ||| READING scroll of enchant weapon.
 22802 | D:12     | 22802 ||| ENCHANTING +4 vampiric war axe.
 22819 | D:12     | 22819 ||| Stepping ~*~*~tactically~*~*~ (stealth).
 22820 | D:12     | 22820 ||| Stepping ~*~*~tactically~*~*~ (stealth).
 23108 | D:12     | Found a runed translucent door.
 23192 | D:13     | Noticed Nessos
 23193 | D:13     | 23193 ||| Stepping ~*~*~tactically~*~*~ (hiding).
 23194 | D:13     | 23194 ||| INVOKING Brothers in Arms.
 23203 | D:13     | Noticed Rupert
 23204 | D:13     | 23204 ||| INVOKING Trog's Hand.
 23210 | D:13     | 23210 ||| INVOKING Berserk.
 23213 | D:13     | Found a gate to the Vaults.
 23222 | D:13     | Killed Rupert
 23223 | D:13     | Reached skill level 15 in Fighting
 23237 | D:13     | 23237 ||| INVOKING Brothers in Arms.
 23249 | D:13     | HP: 30/135 [poisoned by Nessos]
 23250 | D:13     | 23250 ||| READING 5 scrolls of teleportation.
 23251 | D:13     | 23251 ||| DRINKING 3 potions of heal wounds.
 23253 | D:13     | 23253 ||| DRINKING 2 potions of heal wounds.
 23369 | D:13     | 23369 ||| INVOKING Berserk.
 23437 | D:13     | Killed Nessos
 23438 | D:13     | Reached skill level 15 in Shields
 23609 | D:13     | 23609 ||| Stepping ~*~*~tactically~*~*~ (cloud).
 23612 | D:13     | 23612 ||| INVOKING Berserk.
 23710 | D:13     | 23710 ||| Stepping ~*~*~tactically~*~*~ (hiding).
 23732 | D:13     | 23732 ||| Stepping ~*~*~tactically~*~*~ (stealth).
 23734 | D:13     | 23734 ||| Stepping ~*~*~tactically~*~*~ (stealth).
 24005 | D:13     | 24005 ||| Stepping ~*~*~tactically~*~*~ (hiding).
 24006 | D:13     | 24006 ||| Stepping ~*~*~tactically~*~*~ (hiding).
 24356 | D:14     | 24356 ||| Stepping ~*~*~tactically~*~*~ (stealth).
 24361 | D:14     | 24361 ||| Stepping ~*~*~tactically~*~*~ (hiding).
 24363 | D:14     | 24363 ||| INVOKING Berserk.
 24563 | D:14     | 24563 ||| FLEEEEING.
 24564 | D:14     | 24564 ||| FLEEEEING.
 24565 | D:14     | 24565 ||| FLEEEEING.
 24587 | D:14     | 24587 ||| FLEEEEING.
 24588 | D:14     | 24588 ||| FLEEEEING.
 24589 | D:14     | 24589 ||| FLEEEEING.
 24590 | D:14     | 24590 ||| FLEEEEING.
 24594 | D:14     | 24594 ||| FLEEEEING.
 24595 | D:14     | 24595 ||| FLEEEEING.
 24596 | D:14     | 24596 ||| FLEEEEING.
 24613 | D:14     | 24613 ||| FLEEEEING.
 24617 | D:14     | 24617 ||| FLEEEEING.
 24618 | D:14     | 24618 ||| FLEEEEING.
 24619 | D:14     | 24619 ||| FLEEEEING.
 24620 | D:14     | 24620 ||| FLEEEEING.
 24793 | D:14     | Reached skill level 15 in Armour
 24870 | D:14     | 24870 ||| Stepping ~*~*~tactically~*~*~ (hiding).
 24871 | D:14     | 24871 ||| Stepping ~*~*~tactically~*~*~ (hiding).
 25014 | D:14     | 25014 ||| Stepping ~*~*~tactically~*~*~ (hiding).
 25015 | D:14     | 25015 ||| Stepping ~*~*~tactically~*~*~ (hiding).
 25026 | D:14     | 25026 ||| Stepping ~*~*~tactically~*~*~ (stealth).
 25027 | D:14     | 25027 ||| Stepping ~*~*~tactically~*~*~ (stealth).
 25162 | D:14     | 25162 ||| Stepping ~*~*~tactically~*~*~ (hiding).
 25320 | D:14     | 25320 ||| DROPPING ring of flight.
 25321 | D:14     | 25321 ||| READING 2 scrolls labelled GUDUUL QAPEIKK.
 25322 | D:14     | 25322 ||| DROPPING scroll of magic mapping.
 25332 | D:15     | Entered Level 15 of the Dungeon
 25335 | D:15     | 25335 ||| INVOKING Brothers in Arms.
 25338 | D:15     | 25338 ||| SWAPPING to +2 morningstar.
 25340 | D:15     | 25340 ||| INVOKING Berserk.
 25357 | D:15     | 25357 ||| SWAPPING to +5 vampiric war axe.
 25476 | D:15     | 25476 ||| Stepping ~*~*~tactically~*~*~ (hiding).
 25635 | D:15     | 25635 ||| Stepping ~*~*~tactically~*~*~ (hiding).
 25644 | D:15     | Reached XP level 15. HP: 134/143 MP: 12/14
 25648 | D:15     | 25648 ||| Stepping ~*~*~tactically~*~*~ (stealth).
 25738 | D:15     | 25738 ||| Stepping ~*~*~tactically~*~*~ (stealth).
 25747 | D:15     | Reached skill level 16 in Fighting
 25770 | D:15     | 25770 ||| INVOKING Berserk.
 25774 | D:15     | Noticed Josephine
 25791 | D:15     | Killed Josephine
 25813 | D:15     | HP: 35/141 [ugly thing simulacrum (4)]
 25814 | D:15     | 25814 ||| READING 4 scrolls of teleportation.
 25814 | D:15     | HP: 17/141 [iron dragon zombie (2)]
 25815 | D:15     | 25815 ||| DRINKING potion of heal wounds.
 26245 | D:15     | 26245 ||| INVOKING Berserk.
 26251 | D:15     | Reached skill level 17 in Fighting
 26299 | D:15     | Found a staircase to the Depths.
 26338 | D:15     | Found a runed translucent gate.
 26338 | D:15     | Found a runed translucent gate.
 26338 | D:15     | Found a runed translucent gate.
 26342 | D:15     | Noticed Cieciepa's ghost (journeyman DsGl)
 26441 | D:15     | 26441 ||| Stepping ~*~*~tactically~*~*~ (hiding).
 26768 | D:15     | 26768 ||| PLANNING ORC
 26835 | Orc:1    | Entered Level 1 of the Orcish Mines
 26883 | Orc:1    | 26883 ||| Stepping ~*~*~tactically~*~*~ (stealth).
 26885 | Orc:1    | 26885 ||| Stepping ~*~*~tactically~*~*~ (hiding).
 26976 | Orc:1    | 26976 ||| Stepping ~*~*~tactically~*~*~ (stealth).
 27255 | Orc:2    | Entered Level 2 of the Orcish Mines
 27256 | Orc:2    | 27256 ||| INVOKING Trog's Hand.
 27262 | Orc:2    | 27262 ||| INVOKING Berserk.
 27400 | Orc:2    | 27400 ||| Stepping ~*~*~tactically~*~*~ (hiding).
 27401 | Orc:2    | 27401 ||| Stepping ~*~*~tactically~*~*~ (hiding).
 27402 | Orc:2    | 27402 ||| Stepping ~*~*~tactically~*~*~ (hiding).
 27420 | Orc:2    | 27420 ||| DROPPING +2 morningstar.
 27488 | Orc:2    | 27488 ||| Stepping ~*~*~tactically~*~*~ (hiding).
 27527 | Orc:2    | 27527 ||| Stepping ~*~*~tactically~*~*~ (stealth).
 27557 | Orc:2    | 27557 ||| Stepping ~*~*~tactically~*~*~ (stealth).
 27569 | Orc:2    | 27569 ||| FLEEEEING.
 27570 | Orc:2    | 27570 ||| FLEEEEING.
 27590 | Orc:2    | 27590 ||| Stepping ~*~*~tactically~*~*~ (hiding).
 27595 | Orc:2    | 27595 ||| INVOKING Berserk.
 27614 | Orc:2    | 27614 ||| INVOKING Brothers in Arms.
 27636 | Orc:2    | Found Zatogah's General Store.
 27636 | Orc:2    | Found Xilusch's Antique Weapon Shop.
 27658 | Orc:2    | Received a gift from Trog
 27721 | Orc:2    | Found Ugaraam's Assorted Antiques.
 27721 | Orc:2    | Found Eduveosi's Jewellery Shoppe.
 27728 | Orc:2    | 27728 ||| BUYING potion of mutation (88 gold).
 27728 | Orc:2    | Bought a potion of mutation for 88 gold pieces
 27729 | Orc:2    | 27729 ||| BUYING potion of curing (87 gold).
 27729 | Orc:2    | Bought a potion of curing for 87 gold pieces
 27729 | Orc:2    | 27729 ||| BUYING potion of resistance (290 gold).
 27729 | Orc:2    | Bought a potion of resistance for 290 gold pieces
 27729 | Orc:2    | 27729 ||| BUYING runed demon whip (522 gold).
 27729 | Orc:2    | Bought a runed demon whip for 522 gold pieces
 27729 | Orc:2    | 27729 ||| BUYING scroll labelled XASOEPIFES (29 gold).
 27729 | Orc:2    | Bought a scroll labelled XASOEPIFES for 29 gold pieces
 27729 | Orc:2    | 27729 ||| BUYING scroll of teleportation (87 gold).
 27729 | Orc:2    | Bought a scroll of teleportation for 87 gold pieces
 27729 | Orc:2    | 27729 ||| DROPPING +1 morningstar of venom.
 27731 | Orc:2    | 27731 ||| BUYING ring of fire (375 gold).
 27731 | Orc:2    | Bought a ring of fire for 375 gold pieces
 27731 | Orc:2    | 27731 ||| SHOPLISTING ring of poison resistance (300 gold,
                  | have 160).
 27731 | Orc:2    | 27731 ||| SHOPLISTING ring of protection from fire (375
                  | gold, have 160).
 27731 | Orc:2    | 27731 ||| SHOPLISTING ring of see invisible (225 gold, have
                  | 160).
 27732 | Orc:2    | 27732 ||| SHOPLISTING runed morningstar (231 gold, have
                  | 160).
 27748 | Orc:2    | 27748 ||| INVOKING Trog's Hand.
 27750 | Orc:2    | Noticed an orc warlord
 27751 | Orc:2    | 27751 ||| INVOKING Brothers in Arms.
 27755 | Orc:2    | 27755 ||| INVOKING Berserk.
 27881 | Orc:2    | 27881 ||| Invisible monster not found???
 27892 | Orc:2    | 27892 ||| READING scroll of enchant armour.
 27892 | Orc:2    | 27892 ||| ENCHANTING +0 pair of boots.
 27907 | Orc:2    | Found a runed translucent door.
 27914 | Orc:2    | 27914 ||| READING scroll labelled XASOEPIFES.
 27915 | Orc:2    | 27915 ||| READING 5 scrolls of teleportation.
 27922 | Orc:2    | 27922 ||| Stepping ~*~*~tactically~*~*~ (hiding).
 27923 | Orc:2    | 27923 ||| Stepping ~*~*~tactically~*~*~ (hiding).
 27924 | Orc:2    | 27924 ||| Stepping ~*~*~tactically~*~*~ (hiding).
 27931 | Orc:2    | 27931 ||| INVOKING Trog's Hand.
 28016 | Orc:2    | 28016 ||| INVOKING Trog's Hand.
 28017 | Orc:2    | 28017 ||| STAIRDANCE
 28026 | Orc:2    | 28026 ||| STAIRDANCE
 28047 | Orc:2    | 28047 ||| STAIRDANCE
 28049 | Orc:1    | 28049 ||| INVOKING Brothers in Arms.
 28050 | Orc:1    | 28050 ||| INVOKING Brothers in Arms.
 28051 | Orc:1    | 28051 ||| INVOKING Berserk.
 28053 | Orc:1    | Reached skill level 18 in Fighting
 28057 | Orc:1    | HP: 55/223 [orc warlord/+1 battleaxe of electrocution (17)]
 28061 | Orc:1    | HP: 24/223 [orc warlord/+1 battleaxe of electrocution (15)]
 28062 | Orc:1    | Killed an orc warlord
 28436 | Orc:1    | 28436 ||| UPGRADING to +3 chain mail of fire resistance.
 28449 | Orc:2    | 28449 ||| INVOKING Trog's Hand.
 28450 | Orc:2    | 28450 ||| STAIRDANCE
 28452 | Orc:1    | 28452 ||| INVOKING Berserk.
 28565 | Orc:2    | 28565 ||| STAIRDANCE
 28644 | Orc:2    | 28644 ||| INVOKING Trog's Hand.
 28701 | Orc:2    | 28701 ||| INVOKING Trog's Hand.
 28702 | Orc:2    | 28702 ||| INVOKING Berserk.
 28835 | Orc:2    | Found a staircase to the Elven Halls.
 29020 | Orc:2    | 29020 ||| PLANNING SHOALS:1-3
 29177 | Shoals:1 | Entered Level 1 of the Shoals
 29222 | Shoals:1 | Reached skill level 9 in Dodging
 29265 | Shoals:1 | 29265 ||| Stepping ~*~*~tactically~*~*~ (water).
 29270 | Shoals:1 | Reached XP level 16. HP: 125/157 MP: 13/15
 29294 | Shoals:1 | Found a runed translucent door.
 29299 | Shoals:1 | Noticed Ullipcorian's ghost (adept HOFi)
 29299 | Shoals:1 | Found the +5 sword of Power {vorpal}
 29299 | Shoals:1 | You fall into a shaft and drop 1 floor!
 29307 | Shoals:2 | 29307 ||| Stepping ~*~*~tactically~*~*~ (water).
 29579 | Shoals:1 | Found Lopeb's Book Boutique.
 29805 | Shoals:1 | 29805 ||| INVOKING Berserk.
 29932 | Shoals:1 | Found Qastreec's Assorted Antiques.
 29993 | Shoals:1 | 29993 ||| BUYING potion of mutation (232 gold).
 29993 | Shoals:1 | Bought a potion of mutation for 232 gold pieces
 29993 | Shoals:1 | 29993 ||| BUYING scroll of identify (58 gold).
 29993 | Shoals:1 | Bought a scroll of identify for 58 gold pieces
 29993 | Shoals:1 | 29993 ||| BUYING scroll of teleportation (87 gold).
 29993 | Shoals:1 | Bought a scroll of teleportation for 87 gold pieces
 30075 | Shoals:1 | Found Dotur's Jewellery Shop.
 30092 | Shoals:1 | 30092 ||| SHOPLISTING +4 ring of slaying (1404 gold, have
                  | 176).
 30137 | Shoals:1 | Found Puidgh's Armour Boutique.
 30138 | Shoals:1 | 30138 ||| Stepping ~*~*~tactically~*~*~ (hiding).
 30167 | Shoals:1 | 30167 ||| INVOKING Berserk.
 30701 | Shoals:2 | Found Jeoguma's Antique Weapon Shop.
 30734 | Shoals:2 | 30734 ||| INVOKING Berserk.
 30939 | Shoals:2 | Found Fouriwn's Assorted Antiques.
 30940 | Shoals:2 | 30940 ||| Stepping ~*~*~tactically~*~*~ (hiding).
 31007 | Shoals:2 | 31007 ||| INVOKING Trog's Hand.
 31026 | Shoals:2 | 31026 ||| INVOKING Trog's Hand.
 31030 | Shoals:2 | Reached skill level 19 in Fighting
 31040 | Shoals:2 | 31040 ||| Stepping ~*~*~tactically~*~*~ (water).
 31169 | Shoals:2 | 31169 ||| BUYING potion of curing (117 gold).
 31169 | Shoals:2 | Bought a potion of curing for 117 gold pieces
 31169 | Shoals:2 | 31169 ||| SHOPLISTING potion of haste (390 gold, have 87).
 31169 | Shoals:2 | 31169 ||| SHOPLISTING potion of heal wounds (195 gold, have
                  | 87).
 31169 | Shoals:2 | 31169 ||| SHOPLISTING scroll of enchant armour (292 gold,
                  | have 87).
 31286 | Shoals:2 | Identified the +0 leather armour "Bengosih" {Rampage rPois
                  | Will+++ Dex-5}
 31353 | Shoals:2 | Found Yzoushunn's Distillery.
 31362 | Shoals:2 | 31362 ||| BUYING potion of cancellation (112 gold).
 31362 | Shoals:2 | Bought a potion of cancellation for 112 gold pieces
 31362 | Shoals:2 | 31362 ||| BUYING potion of curing (42 gold).
 31362 | Shoals:2 | Bought a potion of curing for 42 gold pieces
 31362 | Shoals:2 | 31362 ||| SHOPLISTING potion of curing (42 gold, have 3).
 31362 | Shoals:2 | 31362 ||| SHOPLISTING potion of heal wounds (70 gold, have
                  | 3).
 31362 | Shoals:2 | 31362 ||| SHOPLISTING potion of might (56 gold, have 3).
 31362 | Shoals:2 | 31362 ||| SHOPLISTING potion of mutation (112 gold, have
                  | 3).
 31362 | Shoals:2 | 31362 ||| SHOPLISTING potion of resistance (140 gold, have
                  | 3).
 31602 | Shoals:3 | 31602 ||| Stepping ~*~*~tactically~*~*~ (hiding).
 31603 | Shoals:3 | 31603 ||| Stepping ~*~*~tactically~*~*~ (hiding).
 31605 | Shoals:3 | 31605 ||| Stepping ~*~*~tactically~*~*~ (hiding).
 31606 | Shoals:3 | 31606 ||| Stepping ~*~*~tactically~*~*~ (hiding).
 31607 | Shoals:3 | 31607 ||| Stepping ~*~*~tactically~*~*~ (hiding).
 31610 | Shoals:3 | 31610 ||| INVOKING Berserk.
 31632 | Shoals:3 | 31632 ||| FLEEEEING.
 31633 | Shoals:3 | 31633 ||| FLEEEEING.
 31634 | Shoals:3 | 31634 ||| FLEEEEING.
 31802 | Shoals:3 | 31802 ||| Stepping ~*~*~tactically~*~*~ (water).
 31830 | Shoals:3 | 31830 ||| Stepping ~*~*~tactically~*~*~ (water).
 31989 | Shoals:3 | 31989 ||| INVOKING Berserk.
 31999 | Shoals:3 | 31999 ||| INVOKING Brothers in Arms.
 32378 | Shoals:3 | 32378 ||| INVOKING Berserk.
 32589 | Shoals:3 | 32589 ||| READING 6 scrolls of teleportation.
 32590 | Shoals:3 | 32590 ||| Waiting to end mesmerise (stuck).
 32591 | Shoals:3 | 32591 ||| Waiting to end mesmerise (stuck).
 32810 | Shoals:3 | 32810 ||| INVOKING Berserk.
 32819 | Shoals:3 | 32819 ||| INVOKING Brothers in Arms.
 32820 | Shoals:3 | 32820 ||| INVOKING Brothers in Arms.
 33097 | Shoals:3 | 33097 ||| PLANNING SNAKE:1-3
 33236 | Snake:1  | Entered Level 1 of the Snake Pit
 33261 | Snake:1  | 33261 ||| Stepping ~*~*~tactically~*~*~ (stealth).
 33262 | Snake:1  | 33262 ||| INVOKING Berserk.
 33426 | Snake:1  | 33426 ||| INVOKING Brothers in Arms.
 33427 | Snake:1  | 33427 ||| INVOKING Brothers in Arms.
 33434 | Snake:1  | 33434 ||| INVOKING Brothers in Arms.
 33517 | Snake:1  | Found a frozen archway.
 33519 | Snake:1  | 33519 ||| INVOKING Brothers in Arms.
 33529 | Snake:1  | 33529 ||| INVOKING Berserk.
 33695 | Snake:1  | 33695 ||| Stepping ~*~*~tactically~*~*~ (hiding).
 33696 | Snake:1  | 33696 ||| Stepping ~*~*~tactically~*~*~ (hiding).
 33697 | Snake:1  | 33697 ||| Stepping ~*~*~tactically~*~*~ (hiding).
 33699 | Snake:1  | 33699 ||| Stepping ~*~*~tactically~*~*~ (hiding).
 33813 | Snake:1  | 33813 ||| Stepping ~*~*~tactically~*~*~ (hiding).
 33828 | Snake:1  | 33828 ||| INVOKING Berserk.
 33833 | Snake:1  | Reached skill level 20 in Fighting
 33992 | Snake:1  | Noticed Agnes
 33996 | Snake:1  | 33996 ||| INVOKING Berserk.
 34007 | Snake:1  | Killed Agnes
 34030 | Snake:1  | 34030 ||| Stepping ~*~*~tactically~*~*~ (hiding).
 34031 | Snake:1  | 34031 ||| Stepping ~*~*~tactically~*~*~ (hiding).
 34152 | Snake:1  | Noticed Jorgrun
 34156 | Snake:1  | 34156 ||| INVOKING Berserk.
 34162 | Snake:1  | Killed Jorgrun
 34520 | Snake:1  | 34520 ||| Stepping ~*~*~tactically~*~*~ (stealth).
 34524 | Snake:1  | 34524 ||| Stepping ~*~*~tactically~*~*~ (hiding).
 34619 | Snake:1  | 34619 ||| INVOKING Berserk.
 34900 | Snake:1  | 34900 ||| DROPPING ring of positive energy.
 34973 | Snake:2  | Reached XP level 17. HP: 169/170 MP: 16/16
 35177 | Snake:2  | Noticed Saint Roka
 35184 | Snake:2  | 35184 ||| INVOKING Berserk.
 35200 | Snake:2  | Killed Saint Roka
 35273 | Snake:2  | 35273 ||| Stepping ~*~*~tactically~*~*~ (hiding).
 35437 | Snake:2  | 35437 ||| Stepping ~*~*~tactically~*~*~ (stealth).
 35438 | Snake:2  | 35438 ||| Stepping ~*~*~tactically~*~*~ (stealth).
 35614 | Snake:2  | 35614 ||| Stepping ~*~*~tactically~*~*~ (stealth).
 35647 | Snake:2  | Noticed Vashnia
 35648 | Snake:2  | Noticed Aizul
 35649 | Snake:2  | 35649 ||| INVOKING Trog's Hand.
 35652 | Snake:2  | 35652 ||| INVOKING Berserk.
 35666 | Snake:2  | Killed Aizul
 35672 | Snake:2  | Killed Vashnia
 35980 | Snake:3  | Found a transporter.
 35984 | Snake:3  | Found a transporter.
 36036 | Snake:3  | Noticed Mara
 36037 | Snake:3  | 36037 ||| Stepping ~*~*~tactically~*~*~ (hiding).
 36039 | Snake:3  | 36039 ||| INVOKING Berserk.
 36044 | Snake:3  | Noticed qw's illusion
 36054 | Snake:3  | Killed Mara
 36055 | Snake:3  | Reached skill level 18 in Shields
 36167 | Snake:3  | 36167 ||| INVOKING Berserk.
 36312 | Snake:3  | Found a transporter.
 36489 | Snake:3  | 36489 ||| INVOKING Berserk.
 36498 | Snake:3  | 36498 ||| FLEEEEING.
 36499 | Snake:3  | 36499 ||| FLEEEEING.
 36500 | Snake:3  | 36500 ||| FLEEEEING.
 36502 | Snake:3  | 36502 ||| FLEEEEING.
 36503 | Snake:3  | 36503 ||| FLEEEEING.
 36504 | Snake:3  | 36504 ||| FLEEEEING.
 36505 | Snake:3  | 36505 ||| FLEEEEING.
 36509 | Snake:3  | 36509 ||| FLEEEEING.
 36510 | Snake:3  | 36510 ||| FLEEEEING.
 36511 | Snake:3  | 36511 ||| FLEEEEING.
 36512 | Snake:3  | 36512 ||| FLEEEEING.
 36513 | Snake:3  | 36513 ||| FLEEEEING.
 36514 | Snake:3  | 36514 ||| FLEEEEING.
 36515 | Snake:3  | 36515 ||| FLEEEEING.
 36521 | Snake:3  | 36521 ||| FLEEEEING.
 36531 | Snake:3  | Found a transporter.
 36729 | Snake:3  | 36729 ||| Stepping ~*~*~tactically~*~*~ (hiding).
 36735 | Snake:3  | 36735 ||| INVOKING Berserk.
 36736 | Snake:3  | Found a transporter.
 36849 | Snake:3  | Found a transporter.
 36973 | Snake:3  | 36973 ||| Stepping ~*~*~tactically~*~*~ (hiding).
 37008 | Snake:3  | 37008 ||| Stepping ~*~*~tactically~*~*~ (stealth).
 37009 | Snake:3  | 37009 ||| Stepping ~*~*~tactically~*~*~ (stealth).
 37011 | Snake:3  | 37011 ||| Stepping ~*~*~tactically~*~*~ (hiding).
 37124 | Snake:3  | 37124 ||| READING scroll of enchant weapon.
 37124 | Snake:3  | 37124 ||| ENCHANTING +5 vampiric war axe.
 37158 | Snake:3  | 37158 ||| PLANNING SHOALS:4
 37158 | Snake:3  | 37158 ||| UPGRADING to +1 kite shield of protection.
 37168 | Snake:3  | 37168 ||| DROPPING +0 kite shield.
 37422 | Shoals:4 | Entered Level 4 of the Shoals
 37443 | Shoals:4 | 37443 ||| INVOKING Berserk.
 37578 | Shoals:4 | 37578 ||| INVOKING Berserk.
 37580 | Shoals:4 | Paralysed by an air elemental for 1 turns
 37605 | Shoals:4 | 37605 ||| INVOKING Trog's Hand.
 37655 | Shoals:4 | 37655 ||| Stepping ~*~*~tactically~*~*~ (stealth).
 37674 | Shoals:4 | 37674 ||| INVOKING Trog's Hand.
 37677 | Shoals:4 | 37677 ||| INVOKING Berserk.
 37701 | Shoals:4 | Reached skill level 21 in Fighting
 37839 | Shoals:4 | 37839 ||| Stepping ~*~*~tactically~*~*~ (hiding).
 37849 | Shoals:4 | 37849 ||| INVOKING Berserk.
 37860 | Shoals:4 | Identified the +12 halberd of the Transparent God {elec,
                  | *Slow Str+2 Int+4}
 37866 | Shoals:4 | 37866 ||| DRINKING potion of resistance.
 37876 | Shoals:4 | HP: 38/173 [merfolk javelineer/+1 vorpal spear (6)]
 37877 | Shoals:4 | 37877 ||| READING 7 scrolls of teleportation.
 37877 | Shoals:4 | HP: 15/173 [storm dragon (5)]
 37882 | Shoals:4 | 37882 ||| Stepping ~*~*~tactically~*~*~ (hiding).
 37884 | Shoals:4 | 37884 ||| READING 6 scrolls of teleportation.
 37884 | Shoals:4 | HP: 9/173 [merfolk javelineer/javelin (4)]
 37884 | Shoals:4 | Hit by a javelin thrown by a merfolk javelineer

Levels and vault maps discovered:
D:1:      dpeg_arrival_solitude, layout_basic,
          hellmonk_ecumenical_altar_inner_sanctum, nicolae_figureground_sparkle
D:2:      layout_basic, uniq_robin
D:3:      layout_loops_ring, nicolae_underground_beach
D:4:      layout_loops_ring, mainiacjoe_overflow_paths, serial_shops, shop,
          nicolae_shop_hallway_plus, nicolae_stop_n_shop_1,
          uniq_crazy_yiuf_cottage
D:5:      layout_rooms, serial_corexii_hall, corexii_hall_statues_i,
          corexii_hall_statues_s, serial_shops, shop_fountains,
          grunt_ministairs_9, uniq_duvessa, uniq_grinder
D:6:      layout_rooms
D:7:      layout_loops_cross, mainiacjoe_overflow_surrounded_room,
          minmay_temple_entry_ruins, serial_park_tiny_2, uniq_joseph
D:8:      layout_basic, due_lair_maze_entry_diamond, serial_shops,
          nicolae_diamond_shop, uniq_grum
D:9:      layout_roguey, amcnicky_altar_gilded, serial_corexii_hall,
          corexii_hall_statues_l, corexii_hall_statues_deadend,
          corexii_hall_statues_x, corexii_hall_statues_l,
          chequers_hall_statues_y, corexii_hall_statues_t
D:10:     cheibrodos_two_vegetables, layout_irregular_city, vehumet_crystals,
          kennysheep_windowed_goal
D:11:     layout_rooms, hiddenorc1_lemuel
D:12:     cheibrodos_body_horror, layout_loops_corners, serial_shops, shop
D:13:     layout_basic, david_vaults_3
D:14:     layout_loops_cross, hex_medium
D:15:     gammafunk_depths_entry_grave, layout_small_grid, bh_walls_and_bars,
          maelrawn_ghost_gauntlet_escape, uniq_josephine, uniq_nessos
Lair:1:   layout_misc_corridors, minmay_stone_trees_small
Lair:2:   layout_small_grid, minmay_shoals_entry_beasts, nzn_random_ring,
          grunt_megastairs_2
Lair:3:   layout_roguey, guppyfry_snake_entry_island, gauntlet_entry_generic,
          wad_woods_river_01, infiniplex_staircase_pool_2, uniq_kirke
Lair:4:   layout_gridlike, slime_entry_1
Lair:5:   evilmike_catoblepas_cave, layout_cave_pods,
          dreamdust_mushroom_princess, grunt_megastairs_1, lemuel_fruit_tree
Shoals:1: dreamdust_from_the_deep, layout_shoals, gammafunk_ghost_grave,
          serial_shops, nicolae_shop_competitors_out_of_business,
          nicolae_diamond_shop, shop, nicolae_shop_competitors_out_of_business
Shoals:2: layout_shoals, serial_shops, nicolae_shop_trees, shop,
          nicolae_shop_overgrown_old_shop
Shoals:3: layout_shoals, nicolae_shoals_loop_pool
Shoals:4: shoals_end_hellmonk_storm_palace [storm_palace_center_ruins,
          storm_palace_corner_reverse_hut, storm_palace_corner_pillars,
          storm_palace_corner_narrow, storm_palace_corner_altar], serial_shops
Snake:1:  layout_grid_maze, portal_ice_cave_entry_ice_statue_two,
          serial_bayou_shore_b, serial_bayou_shore_b, uniq_agnes, uniq_jorgrun
Snake:2:  layout_gridlike, uniq_vashnia, uniq_aizul, uniq_saint_roka
Snake:3:  layout_cave_town, serial_nicolae_subway, nicolae_sub_station_stone,
          nicolae_sub_station_crystal, nicolae_sub_station_metal,
          nicolae_triple_integral, uniq_mara
Orc:1:    layout_caves, nicolae_orc_lost_temple
Orc:2:    st_orc_ogre_mass, layout_caves, basic_altar, lightli_church_of_beogh

Skill      XL: |  1  2  3  4  5  6  7  8  9 10 11 12 13 14 15 16 17 |
---------------+----------------------------------------------------+-----
Axes           | 4 5 6 7 8 10 11 13 16 | 16.1
Fighting       | 5 6 8 9 11 14 15 18 20 21 | 21.0
Shields        | 2 3 4 5 7 9 13 15 16 17 18 | 18.1
Armour         | 4 5 6 9 10 12 15 16 17 | 17.0
Throwing       | 2 3 4 6 7 |  7.4
Dodging        | 3 5 6 7 9 10 11 | 11.1

Action                   |  1- 3 |  4- 6 |  7- 9 | 10-12 | 13-15 | 16-18 || total
-------------------------+-------+-------+-------+-------+-------+-------++-------
Melee: Hand axe          |    87 |    59 |       |       |       |       ||   146
       Headbutt          |     7 |    12 |    44 |    87 |   221 |   208 ||   579
       War axe           |       |    32 |   201 |   400 |   890 |   817 ||  2340
       Morningstar       |       |       |       |     2 |    10 |       ||    12
Throw: Javelin           |       |       |    22 |    59 |    33 |     1 ||   115
       Boomerang         |       |       |     3 |    13 |   201 |    30 ||   247
Invok: Berserk           |     2 |     6 |    14 |    17 |    31 |    23 ||    93
       Trog's Hand       |       |       |     1 |     1 |     8 |     5 ||    15
       Brothers in Arms  |       |       |       |     1 |     8 |     5 ||    14
  Use: Scroll            |     5 |     3 |     8 |     4 |    14 |     4 ||    38
       Potion            |     2 |     3 |     2 |       |     4 |     1 ||    12
 Stab: Distracted        |       |       |       |       |       |     1 ||     1
Armor: Animal skin       |     3 |       |       |       |       |       ||     3
       Scale mail        |    20 |    14 |    25 |       |       |       ||    59
       Chain mail        |       |       |    27 |   132 |    34 |   381 ||   574
       Plate armour      |       |       |       |       |   373 |       ||   373
Dodge: Dodged            |    36 |    32 |    71 |   108 |   242 |   331 ||   820
Block: Buckler           |       |     1 |    21 |    68 |     8 |       ||    98
       Kite shield       |       |       |       |       |   455 |   512 ||   967

Table legend:
 A = Non-vault XP
 B = Vault XP
 C = Vault XP percentage of total XP
 D = Non-vault monster count
 E = Vault monster count
 F = Vault count percentage of total count
                 A         B        C        D         E       F
            +---------+---------+-------+---------+---------+-------
      Total |  167523 |   88101 |  34.5 |     663 |     231 |  25.8
            +---------+---------+-------+---------+---------+-------
        D:1 |      19 |       0 |   0.0 |      12 |       0 |   0.0
        D:2 |      26 |      36 |  58.1 |      13 |      13 |  50.0
        D:3 |      78 |       0 |   0.0 |      21 |       0 |   0.0
        D:4 |     442 |       0 |   0.0 |      20 |       0 |   0.0
        D:5 |     746 |     595 |  44.4 |      22 |       5 |  18.5
        D:6 |     981 |       0 |   0.0 |      29 |       0 |   0.0
        D:7 |    1767 |     475 |  21.2 |      26 |       1 |   3.7
        D:8 |    2520 |    1513 |  37.5 |      34 |      11 |  24.4
        D:9 |    3336 |       0 |   0.0 |      27 |       0 |   0.0
       D:10 |    5118 |    1976 |  27.9 |      22 |      23 |  51.1
       D:11 |     582 |      52 |   8.2 |       7 |       4 |  36.4
       D:12 |    8695 |       0 |   0.0 |      23 |       0 |   0.0
       D:13 |    5346 |    7504 |  58.4 |      11 |      20 |  64.5
       D:14 |    5231 |       0 |   0.0 |      13 |       0 |   0.0
       D:15 |   11056 |    6396 |  36.6 |      18 |      14 |  43.8
     Lair:1 |    2757 |       0 |   0.0 |      16 |       0 |   0.0
     Lair:2 |    8343 |    5927 |  41.5 |      34 |      15 |  30.6
     Lair:3 |    8916 |    3499 |  28.2 |      28 |      10 |  26.3
     Lair:4 |    7045 |       0 |   0.0 |      17 |       0 |   0.0
     Lair:5 |    4901 |   10849 |  68.9 |      12 |      27 |  69.2
   Shoals:1 |    9566 |    1835 |  16.1 |      22 |       2 |   8.3
   Shoals:2 |   15447 |       0 |   0.0 |      36 |       0 |   0.0
   Shoals:3 |   13161 |       0 |   0.0 |      32 |       0 |   0.0
   Shoals:4 |    5738 |    6636 |  53.6 |      11 |      14 |  56.0
    Snake:1 |   19270 |    4214 |  17.9 |      43 |       4 |   8.5
    Snake:2 |    6230 |    9942 |  61.5 |      12 |      13 |  52.0
    Snake:3 |    7314 |    4137 |  36.1 |      17 |       1 |   5.6
      Orc:1 |    5368 |    1766 |  24.8 |      36 |       3 |   7.7
      Orc:2 |    7524 |   20749 |  73.4 |      49 |      51 |  51.0
            +---------+---------+-------+---------+---------+-------
